 Dungeon Crawl Stone Soup version 0.20-a0-514-g839ffe0 (webtiles) character file.

239 Narzinghul the Skirmisher (level 6, 0/39 HPs)
             Began as a Gargoyle Fighter on Jan 24, 2017.
             Killed by divine providence
             ... invoked by an orc priest
              (10 damage)
             ... on level 3 of the Dungeon.
             The game lasted 00:03:22 (1402 turns).

Narzinghul the Skirmisher (Gargoyle Fighter)        Turns: 1402, Time: 00:03:23

Health: 0/39       AC: 11    Str: 20    XL:     6   Next: 7%
Magic:  6/6        EV:  9    Int:  8    God:
Gold:   146        SH:  0    Dex: 11    Spells: 5/5 levels left

rFire    . . .     SeeInvis .   a - +0 war axe
rCold    . . .     Gourm    .   b - +0 scale mail
rNeg     + . .     Faith    .   (no shield)
rPois    ∞         Spirit   .   (no helmet)
rElec    +         Reflect  .   (no cloak)
rCorr    .         Harm     .   (no gloves)
MR       .....                  (no boots)
Stlth    ..........             (no amulet)
Regen    0.2/turn               (no ring)
                                (no ring)

@: no status effects
A: negative energy resistance 1, electricity resistance, unbreathing,
petrification resistance, rot immunity, AC +4
a: no special abilities


You were on level 3 of the Dungeon.
You were not hungry.

You visited 1 branch of the dungeon, and saw 3 of its levels.

You collected 146 gold pieces.

Inventory:

Hand Weapons
 a - a +0 war axe (weapon)
Armour
 b - a +0 scale mail (worn)
 c - a +0 shield
Scrolls
 e - a scroll of fear {unknown}
 h - 2 scrolls of teleportation {unknown}
 i - a scroll of remove curse {unknown}
 k - a scroll of identify {unknown}
Potions
 d - 2 potions of might
 j - 3 potions of curing {unknown}
 l - a potion of magic {unknown}
Comestibles
 f - 5 bread rations
 g - a meat ration


   Skills:
 + Level 4.3 Fighting
 * Level 3.9 Axes
 + Level 4.2 Armour
 + Level 4.2 Shields


You had 5 spell levels left.
You didn't know any spells.

Dungeon Overview and Level Annotations

Branches:
Dungeon (3/15)

Altars:


Innate Abilities, Weirdness & Mutations

You are resistant to torment.
Your stone body is resilient. (AC +4)
You are immune to poison.
You resist negative energy. (rN+)
You are resistant to electric shocks. (rElec)
You can survive without breathing.
You are immune to petrification.
You are immune to rotting.


Message History

Beogh smites you!
* * * LOW HITPOINT WARNING * * *
The giant cockroach barely misses you.
You closely miss the orc priest. You hit the giant cockroach.
The orc priest hits you but does no damage.
The giant cockroach bites you but does no damage.
You hit the orc priest.
The orc priest is moderately wounded.
You hit the giant cockroach.
The giant cockroach bites you but does no damage.
The orc priest barely misses you.
The giant cockroach bites you but does no damage.
The orc priest hits you but does no damage.
You barely miss the orc priest.
The orc priest is moderately wounded.
You closely miss the giant cockroach.
The giant cockroach bites you but does no damage.
The orc priest calls down the wrath of Beogh upon you.
Beogh smites you!
You die...

#....####.........####..o
#.......'.........'..oo..
#....####.........####...
#.#.## ##...[...## #.###
##...>.## #.# ##...## #.#
##'## #.# #o# #@# #s# $..
..... ##....# ......
##.#.## #.#.#


You could see an orc priest and a giant cockroach.

Vanquished Creatures
  An orc priest (D:3)
  Jessica (D:2)
  Natasha (D:2)
  Robin (D:2)
  3 gnolls (D:2)
  4 adders
  2 worms
  A dart slug (D:1)
  5 leopard geckos
  2 orcs (D:3)
  4 giant cockroaches
  16 goblins
  6 hobgoblins
  3 quokkas
  7 bats
  5 frilled lizards
  6 kobolds
  3 rats
71 creatures vanquished.

Notes
Turn   | Place    | Note
-------+----------+-------------------------------------------
     0 | D:1      | Narzinghul the Gargoyle Fighter began the quest for the Orb.
     0 | D:1      | Reached XP level 1. HP: 14/14 MP: 1/1
    67 | D:1      | Reached XP level 2. HP: 19/19 MP: 2/2
   257 | D:1      | Reached XP level 3. HP: 23/23 MP: 3/3
   737 | D:2      | Reached XP level 4. HP: 25/29 MP: 4/4
   877 | D:2      | Noticed Jessica
   881 | D:2      | Killed Jessica
   899 | D:2      | Noticed Natasha
   907 | D:2      | Killed Natasha
   907 | D:2      | Reached XP level 5. HP: 32/33 MP: 5/5
   985 | D:2      | Noticed Robin
  1001 | D:2      | Killed Robin
  1398 | D:3      | Reached XP level 6. HP: 22/39 MP: 6/6
  1402 | D:3      | Killed from afar by an orc priest

Vault maps used:
D:1:      tarquinn_simple_flora_water_d
D:2:      first_bread, uniq_natasha, uniq_robin, uniq_jessica
D:3:      led_sif_book

Skill      XL: |  1  2  3  4  5 |
---------------+----------------+-----
Axes           | 2 3 |  3.9
Fighting       | 4 |  4.3
Armour         | 4 |  4.2
Shields        | 4 |  4.2

Action                   |  1- 3 |  4- 6 || total
-------------------------+-------+-------++-------
Melee: War axe           |    73 |   114 ||   187
  Eat: Chunk             |       |     2 ||     2
Armor: Scale mail        |    39 |    72 ||   111
Dodge: Dodged            |    21 |    43 ||    64
Block: Shield            |    38 |    10 ||    48
